 Dungeon Crawl Stone Soup version 0.28-a0-1152-g9c71ebef14 (webtiles) character file.

Game seed: 11751745771601285604

1614 Armakuni the Conjurer (level 9, -9/57 HPs)
             Began as a Human Conjurer on Dec 13, 2021.
             Was an Initiate of Gozag.
             Mangled by a wraith (10 damage)
             ... on level 5 of the Dungeon on Dec 14, 2021.
             The game lasted 00:16:06 (6171 turns).

Armakuni the Conjurer (Human Conjurer)              Turns: 6171, Time: 00:16:06

Health: -9/57      AC:  5    Str: 12    XL:     9   Next: 16%
Magic:  1/12       EV: 12    Int: 19    God:    Gozag
Gold:   182        SH:  4    Dex: 11    Spells: 5/12 levels left

rFire   + . .      SeeInvis .   a - +9 staff of Olgreb {rPois∞}
rCold   + . .      Faith    .   f - +0 buckler
rNeg    . . .      Spirit   .   v - +2 robe {rC+ rF+}
rPois   ∞          Reflect  .   p - +0 helmet
rElec   .          Harm     .   (no cloak)
rCorr   .          Rampage  .   (no gloves)
Will    .....                   (no boots)
Stlth   ++........              (no amulet)
HPRegen 0.19/turn               (no ring)
MPRegen 0.13/turn               (no ring)

@: slowed, very slow
A: no striking features
a: Renounce Religion, Evoke the Staff of Olgreb, Potion Petition, Call Merchant,
Bribe Branch


You were on level 5 of the Dungeon.
You worshipped Gozag.
Gozag was aware of your devotion.
You visited 2 branches of the dungeon, and saw 7 of its levels.

You collected 268 gold pieces.
You paid 86 gold pieces to Gozag.

Inventory:

Hand Weapons
 a - the +9 staff of Olgreb (weapon) {rPois∞}
   (You acquired it on level 3 of the Dungeon)

   If the wielder is skilled in Evocations, they can envenom those struck by it,
   dealing poison damage which bypasses armour.
   It enhances your poison magic.
   It grants immunity to poison.
   It can be evoked to radiate toxic energy, with effectiveness depending on
   Evocations skill.
 h - the +6 spear of Soesiete {flame, Str+5}
   (You found it on level 4 of the Dungeon)

   It burns those it strikes, dealing additional fire damage.
   Str:       It affects your strength (+5).
Armour
 c - a +0 ring mail
 f - a +0 buckler (worn)
 o - a +0 scale mail
 p - a +0 helmet (worn)
 v - a +2 robe of resistance (worn)
Magical Staves
 t - a staff of air
Scrolls
 b - 2 scrolls of amnesia
 j - a scroll of summoning {unknown}
 l - a scroll of vulnerability {unknown}
 n - a scroll of teleportation {unknown}
 q - a scroll of holy word {unknown}
 u - a scroll of magic mapping {unknown}
 w - a scroll of brand weapon {unknown}
 x - a scroll of silence {unknown}
 y - a scroll of noise {unknown}
 A - a scroll of fog {unknown}
Potions
 d - a potion of curing
 e - a potion of flight
 g - a potion of lignification {unknown}
 k - a potion of resistance {unknown}
 m - a potion of attraction {unknown}
 r - a potion of berserk rage {unknown}
 s - a potion of heal wounds {unknown}
 z - a potion of degeneration {unknown}


   Skills:
 + Level 5.8 Staves
 - Level 2.0 Dodging
 - Level 2.0 Stealth
 + Level 3.6 Shields
 - Level 2.0 Spellcasting
 - Level 7.1 Conjurations
 + Level 5.6 Evocations


You had 5 spell levels left.
You knew the following spells:

 Your Spells              Type           Power      Damage    Failure   Level
a - Magic Dart            Conj           100%       1d8       1%          1
m - Iskenderun's Mystic   Conj/Tloc      15%        2d5       36%         4
z - Searing Ray           Conj           58%        2d6       1%          2

Your spell library contained the following spells:

 Spells                   Type           Power      Damage    Failure   Level
 Dazzling Flash           Conj/Hex       30%        N/A       12%         3
 Fulminant Prism          Conj/Hex       7%         3d7       36%         4
 Alistair's Intoxication  Tmut/Pois      1%         N/A       99%         5
 Borgnjor's Vile Clutch   Necr/Erth      0%         N/A       99%         5
 Eringya's Noxious Bog    Tmut/Pois      1%         N/A       100%        6


Dungeon Overview and Level Annotations

Branches:
Dungeon (6/15)             Temple (1/1) D:5

Altars:
Ashenzari
Dithmenos
Elyvilon
Fedhas
Gozag
Hepliaklqana
Kikubaaqudgha
Makhleb
Okawaru
Qazlal
Ru
Sif Muna
Trog
Uskayaw
Xom
Zin
The Shining One


Message History

You feel as though you will be slow longer.
Aiming: Searing Ray (safe; 1% risk of failure)
Press: ? - help, Q - select action, (/) - cycle Shift-Dir - straight line, f/p - wraith
Aim: a wraith (heavily damaged, 79% to hit)
The searing ray misses the wraith.
The searing ray hits the centaur zombie.
The centaur zombie is moderately damaged. (Press . to maintain the ray.)
The wraith hits you!
The searing ray hits the wraith but does no damage.
The wraith is heavily damaged.
The searing ray hits the centaur zombie.
The centaur zombie is moderately damaged.
The wraith hits you! The wraith drains your vigour!
You feel as though you will be slow longer.
The wraith barely misses you. The wraith barely misses you.
You climb upwards.
There is a stone staircase leading down here.
The wraith hits you!
* * * LOW HITPOINT WARNING * * *
The wraith barely misses you.
You hit the wraith.
The wraith is heavily damaged.
The wraith hits you.
* * * LOW HITPOINT WARNING * * *
You hit the wraith.
You envenom the wraith.
The wraith is almost destroyed.
The wraith hits you!
* * * LOW HITPOINT WARNING * * *
The wraith drains your vigour!
You feel as though you will be slow longer.
You hit the wraith but do no damage.
The wraith is almost destroyed.
The wraith misses you. You block the wraith's attack.
You hit the wraith.
The wraith is almost destroyed.
The wraith hits you!
You die...
Your body crumbles into a pile of gold.

#.# #.#.# #..#.##### ##### #.#
#.#.# #..#...# ....#
######.###.#.# #......# ....#
#.......##.#.#####.#######
....####.......##.#..............
#..............##.#######.#######
#.........................#...# #
#..............##.#.........#.###
#...............@>..........#....
#.###...........W.#.............#
#.######.........................
#.................######........#
########.#####.....# #...######
.......#.#####.....# #...####
...##....##........#####......#
.........##........#...#......###
...#.....##......................


You could see a wraith.

Vanquished Creatures
  Pikel (D:4)
  Sigmund (D:4)
  A necrophage (D:6)
  4 lemures
  An ogre (D:5)
  A wyvern zombie (D:6)
  A gnoll sergeant (D:6)
  A scorpion (D:4)
  A water moccasin skeleton (D:5)
  2 howler monkeys (D:5)
  A bullfrog zombie (D:5)
  A centaur zombie (D:6)
  4 hounds
  An orc priest (D:6)
  A bullfrog skeleton (D:4)
  A jelly (D:4)
  3 orc wizards
  A hound zombie (D:5)
  A hound skeleton (D:4)
  3 gnolls (D:6)
  2 adders
  A howler monkey skeleton (D:4)
  An ufetubus (D:5)
  5 dart slugs
  10 orcs
  5 bats
  A bat skeleton (D:2)
  An endoplasm (D:1)
  5 giant cockroaches
  9 goblins
  2 hobgoblins
  3 jackals (D:2)
  6 kobolds
  2 quokkas
  A ball python (D:2)
  2 ball python skeletons (D:2)
  3 ball python zombies (D:2)
  A frilled lizard (D:1)
  A quokka skeleton (D:4)
  9 rats
101 creatures vanquished.

Notes
Turn   | Place    | Note
-------+----------+-------------------------------------------
     0 | D:1      | Armakuni the Human Conjurer began the quest for the Orb.
     0 | D:1      | Reached XP level 1. HP: 13/13 MP: 3/3
   417 | D:1      | Reached XP level 2. HP: 19/19 MP: 0/5
   420 | D:1      | Learned a level 2 spell: Searing Ray
   840 | D:1      | Reached XP level 3. HP: 24/24 MP: 1/6
  1482 | D:2      | Reached skill level 5 in Conjurations
  1804 | D:2      | Reached XP level 4. HP: 30/30 MP: 4/7
  2206 | D:2      | Found a faded altar of an unknown god.
  2487 | D:3      | Found a glowing silver altar of Zin.
  2560 | D:3      | Learned a level 4 spell: Iskenderun's Mystic Blast
  2875 | D:4      | Reached skill level 6 in Conjurations
  2875 | D:4      | Reached XP level 5. HP: 23/35 MP: 1/8
  3007 | D:4      | Identified the +6 spear of Soesiete {flame, Str+5}
  3075 | D:4      | Noticed a lemure
  3089 | D:4      | Reached skill level 7 in Conjurations
  3089 | D:4      | Reached XP level 6. HP: 29/41 MP: 3/9
  3143 | D:4      | Noticed Pikel
  3159 | D:4      | Identified a scroll of acquirement
  3243 | D:3      | Acquired the +9 staff of Olgreb {rPois∞}
  3243 | D:3      | Found the +9 staff of Olgreb {rPois∞}
  3608 | D:4      | Noticed Sigmund
  3644 | D:4      | Killed Sigmund
  3645 | D:4      | Reached XP level 7. HP: 37/46 MP: 5/10
  3709 | D:4      | Found a sacrificial altar of Ru.
  3810 | D:4      | Killed Pikel
  3811 | D:4      | Reached XP level 8. HP: 43/52 MP: 1/11
  4111 | D:5      | Entered Level 5 of the Dungeon
  4217 | D:5      | Reached skill level 1 in Shields
  4543 | D:5      | Reached skill level 5 in Staves
  4543 | D:5      | Reached skill level 5 in Evocations
  5043 | D:5      | Found a staircase to the Ecumenical Temple.
  5049 | Temple   | Entered the Ecumenical Temple
  5150 | Temple   | Upgraded the game from 0.28-a0-1143-gcf6077d4cc to
                  | 0.28-a0-1152-g9c71ebef14
  5166 | Temple   | Became a worshipper of Gozag Ym Sagoz the Greedy
  5598 | D:6      | Noticed a wraith
  5743 | D:6      | Reached XP level 9. HP: 36/57 MP: 0/12
  6169 | D:5      | HP: 1/57 [wraith (8)]
  6171 | D:5      | Mangled by a wraith

Illustrated notes

Levels and vault maps discovered:
D:1:      minmay_arrival_shoal_huts, layout_loops_ring, minmay_worlds_worst_comb
D:2:      layout_rooms, serial_undead, serial_undead_c, serial_undead_b,
          serial_undead_f, serial_undead_f, serial_undead_b,
          shapermc_ecumenical_altar_mp_vishouse
D:3:      layout_basic, zin_statuary
D:4:      layout_cave_pools, nicolae_ru_the_path_less_chosen, uniq_pikel,
          uniq_sigmund
D:5:      layout_basic, minmay_temple_entry_fiery
D:6:      layout_loops_ring, lemuel_crystal_altar, grunt_decor_one_mirror,
          uniq_grinder
Temple:   regret_index_temple_waves

Skill      XL: |  1  2  3  4  5  6  7  8 |
---------------+-------------------------+-----
Conjurations   | 5 6 7 |  7.1
Staves         | 2 4 5 |  5.8
Evocations     | 2 4 5 |  5.6
Shields        | 3 |  3.6
Dodging        | |  2.0
Stealth        | |  2.0
Spellcasting   | |  2.0

Action                   |  1- 3 |  4- 6 |  7- 9 || total
-------------------------+-------+-------+-------++-------
Melee: Dagger            |    22 |    12 |       ||    34
       Unarmed           |     1 |       |       ||     1
       Mace              |       |    15 |       ||    15
       Staff             |       |     9 |    83 ||    92
       Spear             |       |     9 |       ||     9
 Cast: Magic Dart        |    18 |       |       ||    18
       Searing Ray       |    22 |    19 |     9 ||    50
 Abil: Evoke the Staff o |       |     3 |    11 ||    14
  Use: Scroll            |       |     5 |     1 ||     6
       Potion            |       |       |     2 ||     2
 Stab: Sleeping          |       |     1 |     1 ||     2
       Distracted        |       |       |     2 ||     2
Armor: Ring mail         |     5 |       |       ||     5
       Robe              |    14 |    13 |    44 ||    71
Dodge: Dodged            |    34 |    48 |    54 ||   136
Block: Buckler           |       |       |    19 ||    19

Table legend: (Time is in decaauts)
 A = Elapsed time spent in this place.
 B = Non-inter-level travel time spent in this place.
 C = Inter-level travel time spent in this place.
 D = Time resting spent in this place.
 E = Time spent auto-exploring this place.
 F = Levels seen in this place.
 G = Mean time per level.
                   A        B        C        D        E       F      G
               +--------+--------+--------+--------+--------+-----+--------+
         Total |   6214 |   5984 |    230 |   1491 |   3263 |   7 |  887.7 |
       Dungeon |   6057 |   5859 |    198 |   1491 |   3187 |   6 | 1009.5 |
        Temple |    157 |    125 |     32 |      0 |     76 |   1 |  157.0 |
               +--------+--------+--------+--------+--------+-----+--------+

Top non-repeatable levels by time:
     D:5: 1621 daAuts
     D:1: 1404 daAuts
     D:4: 977 daAuts
     D:2: 896 daAuts
     D:3: 841 daAuts
     D:6: 315 daAuts
  Temple: 157 daAuts
